 Dungeon Crawl Stone Soup version 0.30.1-9-gdf580d7c3d (webtiles) character file.

Game seed: 9565388506875489764

39 Zespara the Covered (level 3, 0/33 HPs)
             Began as a Minotaur Fighter on Oct 20, 2023.
             Slain by a gnoll
             ... wielding a +0 halberd
              (13 damage)
             ... on level 2 of the Dungeon.
             The game lasted 00:01:16 (643 turns).

Zespara the Covered (Minotaur Fighter)               Turns: 643, Time: 00:01:16

Health: 0/33       AC:  7    Str: 22    XL:     3   Next: 26%
Magic:  2/2        EV:  9    Int:  5    God:
Gold:   93         SH:  4    Dex:  9    Spells: 2/2 levels left

rFire   . . .        a - +0 war axe
rCold   . . .        c - +0 buckler
rNeg    . . .        b - +0 scale mail
rPois   .            (helmet restricted)
rElec   .            (no cloak)
rCorr   .            (no gloves)
SInv    .            (no boots)
Will    .....        (no amulet) Stlth
                     (no ring)
HPRegen 0.25/turn    (no ring)
MPRegen 0.08/turn

%: no passive effects
@: no status effects
A: horns 2, retaliatory headbutt
a: no special abilities


You were on level 2 of the Dungeon.
You visited 1 branch of the dungeon, and saw 2 of its levels.

You collected 93 gold pieces.

Inventory:

Hand Weapons
 a - a +0 war axe (weapon)
Armour
 b - a +0 scale mail (worn)
 c - a +0 buckler (worn)
Scrolls
 e - a scroll of poison {unknown}
 f - a scroll of magic mapping {unknown}
 g - a scroll of vulnerability {unknown}
Potions
 d - a potion of might


   Skills:
 + Level 4.1 Fighting
 + Level 3.1 Axes
 + Level 4.1 Armour
 + Level 4.1 Shields


You had 2 spell levels left.
You didn't know any spells.
Your spell library was empty.

Dungeon Overview and Level Annotations

Branches:
Dungeon (2/15)

Altars:


Innate Abilities, Weirdness & Mutations

You have a pair of horns on your head.
You reflexively headbutt those who attack you in melee.


Message History

Your experience leads to an increase in your attributes!
Increase (S)trength, (I)ntelligence, or (D)exterity?
You feel stronger. x2
A ball python is nearby!
You hit the ball python.
You kill the ball python!
No target in view!
Found a club.
g - a scroll labelled XEOQIMP NYZOU You see here a +0 dagger.
Done exploring.
Done exploring.
There is a stone staircase leading down here.
You climb downwards.
There is a stone staircase leading up here.
A gnoll comes into view. It is wielding a +0 whip.
The gnoll shouts!
A gnoll comes into view. It is wielding a +0 whip.
The gnoll shouts!
The gnoll hits you with a +0 whip.
A gnoll comes into view. It is wielding a +0 halberd.
You slash the gnoll!
The gnoll is severely wounded.
The gnoll hits you with a +0 whip.
The gnoll hits you from afar with a +0 halberd!
You barely miss the gnoll. You headbutt the gnoll.
You kill the gnoll!
The gnoll barely misses you.
You barely miss the gnoll. The gnoll barely misses you.
The gnoll hits you but does no damage. x2; The gnoll barely misses you.
You closely miss the gnoll. The gnoll barely misses you.
The gnoll hits you but does no damage.
You barely miss the gnoll. Your headbutt misses the gnoll.
The gnoll closely misses you. The gnoll hits you with a +0 whip!
You block the gnoll's attack. The gnoll barely misses you.
You hit the gnoll but do no damage. Your headbutt misses the gnoll.
You block the gnoll's attack. The gnoll hits you but does no damage.
You barely miss the gnoll.
The gnoll hits you from afar with a +0 halberd!
You die...

###### #....# ##
#....# #..######....##
#.....#.....#
#...........# # .
#.....###...####g#...#
#####.# #.....@g.....#
#.# ##..####.#...# #.#
#..# # # #.####..#
#....#..#
##########.#..#
.......###.#..##
######.........###
#####...#...#


You could see 2 gnolls.

Vanquished Creatures
  A gnoll (D:2)
  A dart slug (D:1)
  5 endoplasms (D:1)
  A giant cockroach (D:1)
  4 goblins (D:1)
  A hobgoblin (D:1)
  2 jackals (D:1)
  A quokka (D:1)
  4 ball pythons (D:1)
  2 bats (D:1)
  A frilled lizard (D:1)
  A kobold (D:1)
  A rat (D:1)
25 creatures vanquished.

Notes
Turn   | Place    | Note
-------+----------+-------------------------------------------
     0 | D:1      | Zespara the Minotaur Fighter began the quest for the Orb.
     0 | D:1      | Reached XP level 1. HP: 19/19 MP: 0/0
   146 | D:1      | Reached XP level 2. HP: 27/27 MP: 1/1
   469 | D:1      | Reached XP level 3. HP: 31/33 MP: 2/2
   643 | D:2      | Slain by a gnoll

Illustrated notes

Levels and vault maps discovered:
D:1:      nzn_arrival_settlement, layout_rooms
D:2:      layout_rooms, dreamdust_ecumenical_altar_grove

Skill      XL: |  1  2 |
---------------+-------+-----
Armour         | 4 |  4.1
Fighting       | 4 |  4.1
Shields        | 4 |  4.1
Axes           | 3 |  3.1

Action                     || total
---------------------------++-------
  Melee: War axe           ||    54
         Headbutt          ||     4
 Armour: Scale mail        ||    33
  Dodge: Dodged            ||    31
  Block: Buckler           ||    12
